3A
IDAHO FALLS CHUKARS @ COLUMBIA RIVER RATS
07/20/2038
 
TOP OF THE 1ST
Idaho Falls Chukars batting - Pitching for Columbia River Rats : RHP Sammy Reed
Pitching: RHP Sammy Reed
Batting: SHB Koryusai Ohayashi 0-0: Ball
1-0: Ball
2-0: Ball
3-0: Called Strike
3-1: SINGLE (Groundball, 13, EV 62.5 MPH) (infield hit)
Batting: LHB Doyle Berkey 0-0: Fly out, F9 (Flyball, 9LS, EV 89.4 MPH)
Batting: RHB Vinnie Nuyten 0-0: Called Strike
0-1: Ball
1-1: Foul Ball, location: 2F
1-2: Grounds into double play, 4-6-3 (Groundball, 4, EV 104.4 MPH)
Top of the 1st over - 0 runs, 1 hit, 0 errors, 0 left on base; Idaho Falls 0 - Columbia 0
BOTTOM OF THE 1ST
Columbia River Rats batting - Pitching for Idaho Falls Chukars : RHP Emerson Horton
Pitching: RHP Emerson Horton
Batting: RHB William Penn 0-0: SINGLE (Line Drive, 5L, EV 98.1 MPH)
Batting: LHB Ji-e Loh 0-0: Called Strike
0-1: SINGLE (Groundball, 4, EV 81.9 MPH) (infield hit)
William Penn to second
Batting: SHB Dean Barthorpe 0-0: Grounds into double play, 3-6-3 (Groundball, 3, EV 84.4 MPH)
William Penn to third
Batting: RHB Tony Castellanos 0-0: Called Strike
0-1: Fly out, F7 (Flyball, 7S, EV 83.8 MPH)
Bottom of the 1st over - 0 runs, 2 hits, 0 errors, 1 left on base; Idaho Falls 0 - Columbia 0
TOP OF THE 2ND
Idaho Falls Chukars batting - Pitching for Columbia River Rats : RHP Sammy Reed
Batting: RHB César Vélez 0-0: Swinging Strike
0-1: Foul Ball, location: 2F
0-2: Ball
1-2: Foul Ball, location: 2F
1-2: Fly out, F8 (Flyball, 8LD, EV 92.5 MPH)
Batting: RHB Kel Warren 0-0: Foul Ball, location: 2F
0-1: Foul Ball, location: 2F
0-2: Foul Ball, location: 2F
0-2: Ball
1-2: Ball
2-2: Strikes out swinging
Batting: LHB Emosi Whiu 0-0: Ball
1-0: Called Strike
1-1: Ball
2-1: Ground out 6-3 (Groundball, 6M, EV 86.2 MPH)
Top of the 2nd over - 0 runs, 0 hits, 0 errors, 0 left on base; Idaho Falls 0 - Columbia 0
BOTTOM OF THE 2ND
Columbia River Rats batting - Pitching for Idaho Falls Chukars : RHP Emerson Horton
Batting: RHB John Alexander 0-0: Called Strike
0-1: Foul Ball, location: 2F
0-2: Ball
1-2: Ball
2-2: Ball
3-2: Ground out 1-3 (Groundball, P, EV 69.4 MPH)
Batting: RHB Pu-feng Zhou 0-0: Called Strike
0-1: Ball
1-1: Called Strike
1-2: Fly out, F9 (Line Drive, 89M, EV 91.9 MPH)
Batting: RHB Cédric Causse 0-0: Swinging Strike
0-1: Ball
1-1: Swinging Strike
1-2: Ball
2-2: Strikes out swinging
Bottom of the 2nd over - 0 runs, 0 hits, 0 errors, 0 left on base; Idaho Falls 0 - Columbia 0
TOP OF THE 3RD
Idaho Falls Chukars batting - Pitching for Columbia River Rats : RHP Sammy Reed
Batting: SHB Oscar Henson 0-0: Ground out 2-3 (Groundball, 2L, EV 73.1 MPH)
Batting: RHB Jon Walker 0-0: Ball
1-0: SINGLE (Line Drive, 8RS, EV 101.2 MPH)
Batting: RHB Jon Hill 0-0: Ball
1-0: Ball
2-0: Ball
3-0: Base on Balls
Jon Walker to second
Batting: SHB Koryusai Ohayashi 0-0: SINGLE (Groundball, 6MD, EV 98.8 MPH)
Jon Walker to third
Jon Hill to second
Runner from 3rd tries for Home, SAFE, no throw by CF
Batting: LHB Doyle Berkey 0-0: Foul Ball, location: 2F
0-1: Ball
1-1: Ball
2-1: Ball
3-1: Foul Ball, location: 2F
3-2: SINGLE (Line Drive, 8LS, EV 93.1 MPH)
Jon Hill to third
Koryusai Ohayashi to second
Runner from 3rd tries for Home, SAFE, throw by CF to home
Batting: RHB Vinnie Nuyten 0-0: Ball
1-0: Ball
2-0: Fielders Choice at 2nd, 6-4 (Groundball, 6, EV 101.9 MPH)
Koryusai Ohayashi to third
Batting: RHB César Vélez 0-0: Ball
1-0: Ball
2-0: Called Strike
2-1: Swinging Strike
2-2: Fly out, F7 (Flyball, 7S, EV 93.8 MPH)
Top of the 3rd over - 2 runs, 3 hits, 0 errors, 2 left on base; Idaho Falls 2 - Columbia 0
BOTTOM OF THE 3RD
Columbia River Rats batting - Pitching for Idaho Falls Chukars : RHP Emerson Horton
Now at SS: Javier Botín
Batting: LHB Seb Considine 0-0: Fly out, F4 (Popup, 4, EV 66.9 MPH)
Batting: RHB Lane Ruffin 0-0: Foul Ball, location: 2F
0-1: Fly out, F8 (Flyball, 8RD, EV 103.8 MPH)
Batting: RHB William Penn 0-0: Foul Ball, location: 2F
0-1: Ball
1-1: Ball
2-1: Foul Ball, location: 2F
2-2: Ball
3-2: Foul Ball, location: 2F
3-2: Strikes out looking
Bottom of the 3rd over - 0 runs, 0 hits, 0 errors, 0 left on base; Idaho Falls 2 - Columbia 0
TOP OF THE 4TH
Idaho Falls Chukars batting - Pitching for Columbia River Rats : RHP Sammy Reed
Batting: RHB Kel Warren 0-0: Ball
1-0: Swinging Strike
1-1: Called Strike
1-2: Strikes out swinging, 2-3 out at first.
Batting: LHB Emosi Whiu 0-0: Ball
1-0: Foul Ball, location: 2F
1-1: Ground out 6-3 (Groundball, 6, EV 83.8 MPH)
Batting: SHB Oscar Henson 0-0: Called Strike
0-1: Ball
1-1: Ball
2-1: Foul Ball, location: 2F
2-2: Ball
3-2: Fly out, F4 (Popup, 34S, EV 89.4 MPH)
Top of the 4th over - 0 runs, 0 hits, 0 errors, 0 left on base; Idaho Falls 2 - Columbia 0
BOTTOM OF THE 4TH
Columbia River Rats batting - Pitching for Idaho Falls Chukars : RHP Emerson Horton
Batting: LHB Ji-e Loh 0-0: Ball
1-0: Foul Ball, location: 2F
1-1: Fly out, F6 (Line Drive, 6, EV 71.9 MPH)
Batting: SHB Dean Barthorpe 0-0: Swinging Strike
0-1: Ball
1-1: Swinging Strike
1-2: Strikes out swinging
Batting: RHB Tony Castellanos 0-0: Ball
1-0: Foul Ball, location: 2F
1-1: Called Strike
1-2: DOUBLE (Groundball, 5L, EV 98.1 MPH)
Batting: RHB John Alexander 0-0: Ball
1-0: Foul Ball, location: 2F
1-1: Ball
2-1: Foul Ball, location: 2F
2-2: Foul Ball, location: 2F
2-2: Fly out, F9 (Flyball, 9D, EV 100.0 MPH)
Bottom of the 4th over - 0 runs, 1 hit, 0 errors, 1 left on base; Idaho Falls 2 - Columbia 0
TOP OF THE 5TH
Idaho Falls Chukars batting - Pitching for Columbia River Rats : RHP Sammy Reed
Batting: RHB Jon Walker 0-0: Called Strike
0-1: Ball
1-1: Called Strike
1-2: Foul Ball, location: 2F
1-2: Ground out 6-3 (Groundball, 6, EV 88.1 MPH)
Pitching: LHP Felipe Medrano
Batting: RHB Javier Botín 0-0: Called Strike
0-1: Foul Ball, location: 2F
0-2: Ground out 6-3 (Groundball, 56, EV 81.9 MPH)
Batting: SHB Koryusai Ohayashi 0-0: Called Strike
0-1: Foul Ball, location: 2F
0-2: Ball
1-2: Foul Ball, location: 2F
1-2: Ball
2-2: Strikes out swinging
Top of the 5th over - 0 runs, 0 hits, 0 errors, 0 left on base; Idaho Falls 2 - Columbia 0
BOTTOM OF THE 5TH
Columbia River Rats batting - Pitching for Idaho Falls Chukars : RHP Emerson Horton
Batting: RHB Pu-feng Zhou 0-0: Called Strike
0-1: Ball
1-1: Ball
2-1: Foul Ball, location: 2F
2-2: Reached on error, E5 (Groundball, 56S, EV 87.5 MPH)
Batting: RHB Cédric Causse 0-0: Called Strike
0-1: Called Strike
0-2: Ball
Wild Pitch!
Pu-feng Zhou to second
1-2: Ground out 5-3 (Groundball, 56, EV 111.2 MPH)
Batting: LHB Seb Considine 0-0: Called Strike
0-1: Ball
1-1: Called Strike
1-2: Foul Ball, location: 2F
1-2: Ball
2-2: DOUBLE (Flyball, 8RXD, EV 81.2 MPH)
Pu-feng Zhou scores
Batting: RHB Lane Ruffin 0-0: Ball
1-0: Called Strike
1-1: Foul Ball, location: 2F
1-2: Foul Ball, location: 2F
1-2: Ball
2-2: Ball
3-2: Ground out 6-3 (Groundball, 6, EV 93.1 MPH)
Batting: RHB William Penn 0-0: Called Strike
0-1: Foul Ball, location: 2F
0-2: Strikes out looking
Bottom of the 5th over - 1 run, 1 hit, 1 error, 1 left on base; Idaho Falls 2 - Columbia 1
TOP OF THE 6TH
Idaho Falls Chukars batting - Pitching for Columbia River Rats : LHP Felipe Medrano
Batting: LHB Doyle Berkey 0-0: Swinging Strike
0-1: SINGLE (Groundball, 6MD, EV 102.5 MPH)
Batting: RHB Vinnie Nuyten 0-0: Foul Ball, location: 2F
0-1: Ground out 5-3 (Groundball, 5S, EV 67.5 MPH)
Doyle Berkey to second
Batting: RHB César Vélez 0-0: Ball
Doyle Berkey steals 3rd base
1-0: Called Strike
1-1: Swinging Strike
1-2: Foul Ball, location: 2F
1-2: Fly out, F7 (Line Drive, 7, EV 91.9 MPH)
Runner from 3rd tags up, SCORES, throw by LF
Batting: RHB Kel Warren 0-0: Ball
1-0: Called Strike
1-1: Ball
2-1: Ball
3-1: Swinging Strike
3-2: SINGLE (Line Drive, 7LS, EV 106.2 MPH)
Batting: LHB Emosi Whiu 0-0: Ball
1-0: Swinging Strike
1-1: Ball
2-1: Fly out, F8 (Flyball, 8LS, EV 87.5 MPH)
Top of the 6th over - 1 run, 2 hits, 0 errors, 1 left on base; Idaho Falls 3 - Columbia 1
BOTTOM OF THE 6TH
Columbia River Rats batting - Pitching for Idaho Falls Chukars : RHP Emerson Horton
Batting: LHB Ji-e Loh 0-0: Ball
1-0: Ball
2-0: Ball
3-0: Called Strike
3-1: Swinging Strike
3-2: Strikes out looking
Batting: SHB Dean Barthorpe 0-0: Ball
1-0: Ball
2-0: Ball
3-0: Called Strike
3-1: Base on Balls
Batting: RHB Tony Castellanos 0-0: Ball
Wild Pitch!
Dean Barthorpe to second
1-0: Ball
2-0: Ball
3-0: Called Strike
3-1: Called Strike
3-2: Ground out 4-3 (Groundball, 4, EV 84.4 MPH)
Dean Barthorpe to third
Batting: RHB John Alexander 0-0: Called Strike
0-1: Ball
1-1: Called Strike
1-2: Ball
2-2: Foul Ball, location: 2F
2-2: Ball
3-2: 2-RUN HOME RUN (Flyball, 78XD, EV 110.6 MPH), Distance : 396 ft
Batting: RHB Pu-feng Zhou 0-0: Called Strike
0-1: Ball
1-1: Foul Ball, location: 2F
1-2: Ball
2-2: Fly out, F8 (Flyball, 8RXD, EV 103.1 MPH)
Bottom of the 6th over - 2 runs, 1 hit, 0 errors, 0 left on base; Idaho Falls 3 - Columbia 3
TOP OF THE 7TH
Idaho Falls Chukars batting - Pitching for Columbia River Rats : LHP Felipe Medrano
Batting: SHB Oscar Henson 0-0: Called Strike
0-1: Foul Ball, location: 2F
0-2: Strikes out swinging
Batting: RHB Jon Walker 0-0: Ball
1-0: Fly out, F6 (Line Drive, 6, EV 68.1 MPH)
Batting: RHB Javier Botín 0-0: Ball
1-0: Swinging Strike
1-1: Ball
2-1: Ball
3-1: Base on Balls
Batting: SHB Koryusai Ohayashi 0-0: Called Strike
0-1: Fielders Choice at 2nd, 6-4 (Groundball, 6, EV 107.5 MPH)
Top of the 7th over - 0 runs, 0 hits, 0 errors, 1 left on base; Idaho Falls 3 - Columbia 3
BOTTOM OF THE 7TH
Columbia River Rats batting - Pitching for Idaho Falls Chukars : RHP Emerson Horton
Pitching: LHP Camillo Vialli
Batting: RHB Cédric Causse 0-0: Ball
1-0: Swinging Strike
1-1: Ball
2-1: Ball
3-1: Base on Balls
Batting: LHB Seb Considine 0-0: Ball
1-0: Ball
2-0: Called Strike
2-1: Ball
3-1: Base on Balls
Cédric Causse to second
Batting: RHB Lane Ruffin 0-0: Ball
1-0: Called Strike
1-1: Swinging Strike
1-2: Strikes out swinging
Batting: RHB William Penn 0-0: Called Strike
0-1: Ball
1-1: Foul Ball, location: 2F
1-2: Ball
2-2: Ball
3-2: Foul Ball, location: 2F
3-2: Strikes out swinging
Batting: LHB Ji-e Loh 0-0: Ball
1-0: Called Strike
1-1: Ball
2-1: Foul Ball, location: 2F
2-2: Ball
3-2: Strikes out swinging
Bottom of the 7th over - 0 runs, 0 hits, 0 errors, 2 left on base; Idaho Falls 3 - Columbia 3
TOP OF THE 8TH
Idaho Falls Chukars batting - Pitching for Columbia River Rats : LHP Felipe Medrano
Batting: LHB Doyle Berkey 0-0: Ball
1-0: Foul Ball, location: 2F
1-1: Fly out, F7 (Line Drive, 7, EV 105.6 MPH)
Batting: RHB Vinnie Nuyten 0-0: DOUBLE (Line Drive, 7LM, EV 103.1 MPH)
Batting: RHB César Vélez 0-0: Ball
1-0: Called Strike
1-1: Called Strike
1-2: Hit by Pitch
Batting: RHB Kel Warren 0-0: Foul Ball, location: 2F
0-1: Ball
1-1: Ball
2-1: Foul Ball, location: 2F
2-2: Strikes out swinging
Batting: LHB Emosi Whiu 0-0: Foul Ball, location: 2F
0-1: Swinging Strike
0-2: Foul Ball, location: 2F
0-2: Ball
1-2: Foul Ball, location: 2F
1-2: Fielders Choice at 2nd, 5-4 (Groundball, 5, EV 105.0 MPH)
Top of the 8th over - 0 runs, 1 hit, 0 errors, 2 left on base; Idaho Falls 3 - Columbia 3
BOTTOM OF THE 8TH
Columbia River Rats batting - Pitching for Idaho Falls Chukars : LHP Camillo Vialli
Batting: SHB Dean Barthorpe 0-0: Fly out, F9 (Line Drive, 89M, EV 88.8 MPH)
Batting: RHB Tony Castellanos 0-0: Called Strike
0-1: Foul Ball, location: 2F
0-2: Ball
1-2: Strikes out swinging
Batting: RHB John Alexander 0-0: Ball
1-0: Ground out 1-3 (Groundball, 13, EV 83.1 MPH)
Bottom of the 8th over - 0 runs, 0 hits, 0 errors, 0 left on base; Idaho Falls 3 - Columbia 3
TOP OF THE 9TH
Idaho Falls Chukars batting - Pitching for Columbia River Rats : LHP Felipe Medrano
Batting: SHB Oscar Henson 0-0: Ball
1-0: Called Strike
1-1: Called Strike
1-2: Ball
2-2: Ground out 4-3 (Groundball, 4, EV 100.6 MPH)
Batting: RHB Jon Walker 0-0: Called Strike
0-1: Ball
1-1: Ball
2-1: Swinging Strike
2-2: SINGLE (Line Drive, 8RS, EV 111.2 MPH)
Pitching: RHP Jeffery Johnston
Batting: RHB Javier Botín 0-0: Ball
1-0: Ball
2-0: Fly out, F3 (Line Drive, 3, EV 75.0 MPH)
Batting: SHB Koryusai Ohayashi 0-0: Ball
1-0: Foul Ball, location: 2F
1-1: Ball
2-1: Called Strike
2-2: SINGLE (Flyball, 78M, EV 93.1 MPH)
Jon Walker to second
Batting: LHB Doyle Berkey 0-0: Called Strike
0-1: Swinging Strike
0-2: Foul Ball, location: 2F
0-2: Ball
1-2: Strikes out looking
Top of the 9th over - 0 runs, 2 hits, 0 errors, 2 left on base; Idaho Falls 3 - Columbia 3
BOTTOM OF THE 9TH
Columbia River Rats batting - Pitching for Idaho Falls Chukars : LHP Camillo Vialli
Batting: RHB Pu-feng Zhou 0-0: Ball
1-0: Swinging Strike
1-1: Foul Ball, location: 2F
1-2: Ball
2-2: Ball
3-2: Foul Ball, location: 2F
3-2: Strikes out looking
Batting: RHB Cédric Causse 0-0: Called Strike
0-1: Foul Ball, location: 2F
0-2: Ball
1-2: Ground out 5-3 (Groundball, 56S, EV 75.0 MPH)
Pinch Hitting: LHB Frank Morris 0-0: Called Strike
0-1: Fly out, F8 (Flyball, 78D, EV 101.2 MPH)
Bottom of the 9th over - 0 runs, 0 hits, 0 errors, 0 left on base; Idaho Falls 3 - Columbia 3
TOP OF THE 10TH
Idaho Falls Chukars batting - Pitching for Columbia River Rats : RHP Jeffery Johnston
Now in LF: Ramón Fernández
Batting: RHB Vinnie Nuyten 0-0: Ball
1-0: Ball
2-0: Fly out, F8 (Line Drive, 8RD, EV 105.0 MPH)
Batting: RHB César Vélez 0-0: Ball
1-0: Ground out 6-3 (Groundball, 6, EV 83.8 MPH)
Batting: RHB Kel Warren 0-0: Ball
1-0: Called Strike
1-1: Ball
2-1: Ball
3-1: Swinging Strike
3-2: Base on Balls
Batting: LHB Emosi Whiu 0-0: Called Strike
0-1: Foul Ball, location: 2F
0-2: Strikes out looking
Top of the 10th over - 0 runs, 0 hits, 0 errors, 1 left on base; Idaho Falls 3 - Columbia 3
BOTTOM OF THE 10TH
Columbia River Rats batting - Pitching for Idaho Falls Chukars : LHP Camillo Vialli
Pitching: RHP Masao Myoga
Pinch Hitting: LHB Phillam Torralba 0-0: Ball
1-0: Called Strike
1-1: Hit by Pitch
Batting: RHB William Penn 0-0: Called Strike
0-1: Ball
Phillam Torralba is caught stealing 2nd base 2-4
1-1: Foul Ball, location: 2F
1-2: Foul Ball, location: 2F
1-2: Ball
2-2: SINGLE (Groundball, 6MS, EV 67.5 MPH) (infield hit)
Batting: LHB Ji-e Loh 0-0: Ball
1-0: SINGLE (Groundball, 3L, EV 90.0 MPH) (infield hit)
William Penn to second
Batting: SHB Dean Barthorpe 0-0: Ball
Wild Pitch!
William Penn to third
Ji-e Loh to second
1-0: Intentional Walk
Pinch Hitting: SHB Christian Payne 0-0: Called Strike
0-1: Foul Ball, location: 2F
0-2: Ball
1-2: Grounds into fielders choice 4-2 (Groundball, 4MS, EV 63.1 MPH)
Ji-e Loh to third
Dean Barthorpe to second
Batting: RHB John Alexander 0-0: Called Strike
0-1: Foul Ball, location: 2F
0-2: Ball
1-2: Ball
2-2: Strikes out looking
Bottom of the 10th over - 0 runs, 2 hits, 0 errors, 3 left on base; Idaho Falls 3 - Columbia 3
TOP OF THE 11TH
Idaho Falls Chukars batting - Pitching for Columbia River Rats : RHP Jeffery Johnston
Pitching: RHP Micheal Smith
Now at 2B: Min-ho Yun
Now at SS: Ryan Guengerich
Batting: SHB Oscar Henson 0-0: Called Strike
0-1: Foul Ball, location: 2F
0-2: Ball
1-2: Strikes out swinging
Batting: RHB Jon Walker 0-0: Ball
1-0: Ball
2-0: DOUBLE (Line Drive, 9LM, EV 100.0 MPH)
Batting: RHB Javier Botín 0-0: Called Strike
0-1: Swinging Strike
0-2: Ball
1-2: Ground out 5-3 (Groundball, 56S, EV 84.4 MPH)
Batting: SHB Koryusai Ohayashi 0-0: Called Strike
0-1: Fly out, F3 (Popup, 23F, EV 80.0 MPH)
Top of the 11th over - 0 runs, 1 hit, 0 errors, 1 left on base; Idaho Falls 3 - Columbia 3
BOTTOM OF THE 11TH
Columbia River Rats batting - Pitching for Idaho Falls Chukars : RHP Masao Myoga
Pitching: LHP Isacco Taricco
Batting: RHB Pu-feng Zhou 0-0: Ball
1-0: DOUBLE (Groundball, 3L, EV 109.4 MPH)
Batting: RHB Cédric Causse 0-0: Intentional Walk
Batting: LHB Ramón Fernández 0-0: Grounds into double play, 4-6-3 (Groundball, 4, EV 98.8 MPH)
Pu-feng Zhou to third
Batting: LHB Min-ho Yun 0-0: Fly out, F8 (Flyball, 8LS, EV 86.9 MPH)
Bottom of the 11th over - 0 runs, 1 hit, 0 errors, 1 left on base; Idaho Falls 3 - Columbia 3
TOP OF THE 12TH
Idaho Falls Chukars batting - Pitching for Columbia River Rats : RHP Micheal Smith
Batting: LHB Doyle Berkey 0-0: Ball
1-0: Ball
2-0: Ball
3-0: Base on Balls
Batting: RHB Vinnie Nuyten 0-0: Ball
1-0: Ball
Doyle Berkey steals 2nd base
2-0: Foul Ball, location: 2F
2-1: Ball
3-1: Called Strike
3-2: Foul Ball, location: 2F
3-2: Foul Ball, location: 2F
3-2: Strikes out swinging
Batting: RHB César Vélez 0-0: Ball
1-0: Ball
2-0: Foul Ball, location: 2F
2-1: Called Strike
2-2: Foul Ball, location: 2F
2-2: Strikes out looking
Batting: RHB Kel Warren 0-0: Ball
1-0: Swinging Strike
1-1: Called Strike
1-2: Ball
Wild Pitch!
Doyle Berkey to third
2-2: Ball
3-2: Base on Balls
Batting: LHB Emosi Whiu 0-0: Foul Ball, location: 2F
0-1: Fly out, F7 (Flyball, 7, EV 91.9 MPH)
Top of the 12th over - 0 runs, 0 hits, 0 errors, 2 left on base; Idaho Falls 3 - Columbia 3
BOTTOM OF THE 12TH
Columbia River Rats batting - Pitching for Idaho Falls Chukars : LHP Isacco Taricco
Batting: RHB William Penn 0-0: Swinging Strike
0-1: Foul Ball, location: 2F
0-2: SINGLE (Line Drive, 7S, EV 110.6 MPH)
Batting: LHB Ji-e Loh 0-0: Foul Ball, location: 2F
0-1: Ball
1-1: Ball
2-1: Ball
3-1: Foul Ball, location: 2F
3-2: Foul Ball, location: 2F
3-2: Foul Ball, location: 2F
3-2: Base on Balls
William Penn to second
Batting: SHB Dean Barthorpe 0-0: Ball
1-0: Foul Ball, location: 2F
1-1: Ball
2-1: 3-RUN HOME RUN (Flyball, 7D, EV 103.1 MPH), Distance : 386 ft
Friday, April 17th, 2020 - OOTP Baseball 20.8 Build 74